[Event "ICC tourney 2022 (75 10)"]
[Site "Internet Chess Club"]
[Date "2020.09.26"]
[Round "1"]
[White "Vish1080"]
[Black "IndianTerritory"]
[Result "0-1"]
[ICCResult "White resigns"]
[WhiteElo "1721"]
[BlackElo "2005"]
[Opening "Réti opening"]
[ECO "A11"]
[NIC "QP.11"]
[Time "13:09:00"]
[TimeControl "4500+10"]

1. Nf3 c6 2. c4 d5 3. e3 Nf6 4. Nc3 a6 5. d4 b5 6. c5 Bg4 7. Be2 Nbd7 8. O-O
e6 9. h3 Bxf3 10. Bxf3 Be7 11. e4 dxe4 12. Nxe4 Nd5 13. Nc3 N7f6 14. Nxd5
Nxd5 15. Bxd5 Qxd5 16. Be3 Bf6 17. Qb3 a5 18. Qxd5 exd5 19. a4 Rb8 20. axb5
Rxb5 21. b4 axb4 22. Ra6 Kd7 23. Ra7+ Kc8 24. Bf4 g5 25. Rxf7 Bxd4 26. Bxg5
Rb7 27. Rxb7 Kxb7 28. Be7 b3 29. Rb1 b2 30. Kf1 Ra8 31. Ke2 Ra1 32. Rxb2+
Bxb2 33. g4 Ra3 34. h4 Bd4 35. f4 Re3+ 36. Kd2 Rxe7 {White resigns} 0-1

[Event "ICC tourney 2022 (75 10)"]
[Site "Internet Chess Club"]
[Date "2020.09.26"]
[Round "1"]
[White "Nikhilp"]
[Black "Eagle2020"]
[Result "1-0"]
[ICCResult "Black checkmated"]
[WhiteElo "1831"]
[BlackElo "1547"]
[Opening "French: exchange variation"]
[ECO "C01"]
[NIC "FR.01"]
[Time "13:09:10"]
[TimeControl "4500+10"]

1. e4 e6 2. d4 d5 3. exd5 exd5 4. Nf3 Nf6 5. Bd3 Bg4 6. h3 Be6 7. O-O Bd6 8.
Re1 O-O 9. b3 Nbd7 10. c4 c5 11. Bb2 dxc4 12. bxc4 cxd4 13. Nxd4 Nc5 14. Bf1
Nce4 15. Nd2 Nxd2 16. Qxd2 Rc8 17. Rad1 Bxc4 18. Bxc4 Rxc4 19. Nf5 Bc7 20.
Qg5 Ne8 21. Rxd8 Bxd8 22. Qxd8 Nc7 23. Ne7+ Kh8 24. Qxf8# {Black checkmated}
1-0

[Event "ICC tourney 2022 (75 10)"]
[Site "Internet Chess Club"]
[Date "2020.09.26"]
[Round "1"]
[White "KittiesRock18"]
[Black "mikoyansuren"]
[Result "0-1"]
[ICCResult "White resigns"]
[WhiteElo "1362"]
[BlackElo "1803"]
[Opening "Sicilian defense"]
[ECO "B41"]
[NIC "SI.43"]
[Time "13:09:03"]
[TimeControl "4500+10"]

1. e4 c5 2. Nf3 e6 3. d4 cxd4 4. c3 dxc3 5. Nxc3 Nc6 6. Bc4 Bb4 7. Bg5 Nge7
8. O-O O-O 9. Rc1 f6 10. Be3 Bxc3 11. Rxc3 d5 12. exd5 Nxd5 13. Rd3 Nxe3 14.
Rxe3 Qxd1 15. Rxd1 Kf7 16. Nh4 Rd8 17. Rxd8 Nxd8 18. Nf5 g6 19. Nd6+ Ke7 20.
Rd3 Bd7 21. f4 b6 22. Kf2 Nc6 23. Ne4 Rd8 24. Bb5 Nb8 25. Bc4 Rc8 26. Nd2 a6
27. Rh3 h5 28. Rg3 Be8 29. Ra3 a5 30. Re3 Bf7 31. Rd3 Nd7 32. Ke3 Nc5 33.
Rc3 Rd8 34. Rc1 Be8 35. Be2 Bf7 36. Bc4 Rc8 37. Rc3 Na4 38. Rc2 b5 39. Bb3
Rxc2 40. Bxc2 Nxb2 41. Kd4 Nc4 42. Nxc4 bxc4 43. Kxc4 e5+ 44. Kc5 exf4 45.
a4 g5 46. Be4 Be8 47. Bf3 g4 48. Bd1 f5 49. Bc2 f3 50. gxf3 gxf3 51. Bxf5
Bxa4 52. Kd4 f2 53. Bd3 Bc2 54. Ba6 a4 55. Kc3 Bb3 56. Bf1 Kd6 57. Kb4 Kd5
58. Kc3 Ke4 59. Kb2 Ke3 60. Kc1 a3 61. h3 h4 62. Ba6 Kf3 63. Bf1 Ke3 64. Ba6
Kd4 65. Be2 Kc3 66. Kb1 Kd2 67. Bb5 Ke1 68. Bd3 f1=Q 69. Bxf1 Kxf1 70. Kc1
Kg2 71. Kd2 Kxh3 72. Kc3 Kg2 73. Kxb3 h3 74. Kxa3 h2 75. Kb4 h1=Q
{White resigns}
0-1

[Event "ICC tourney 2022 (75 10)"]
[Site "Internet Chess Club"]
[Date "2020.09.26"]
[Round "1"]
[White "mexicoreal"]
[Black "kwen2008"]
[Result "1-0"]
[ICCResult "Black resigns"]
[WhiteElo "2047"]
[BlackElo "1729"]
[Opening "Evans gambit"]
[ECO "C51"]
[NIC "IG.05"]
[Time "13:08:59"]
[TimeControl "4500+10"]

1. e4 e5 2. Nf3 Nc6 3. Bc4 Bc5 4. b4 Bxb4 5. c3 Bc5 6. d4 exd4 7. cxd4 Bb4+
8. Nbd2 Nf6 9. d5 Ne7 10. O-O O-O 11. Bb2 Ng6 12. e5 Nh5 13. Ne4 h6 14. g3
Re8 15. d6 Nh8 16. Ne1 g6 17. g4 Bxe1 18. gxh5 Ba5 19. Nf6+ Kf8 20. Nxe8
Kxe8 21. e6 fxe6 22. Bxh8 cxd6 23. Kh1 d5 24. Bd3 g5 25. Bg6+ Ke7 26. Bg7
Qc7 27. Qf3 Qf4 28. Qxf4 gxf4 29. Bxh6 f3 30. Bg5+ Kf8 31. Bf6 d6 32. h6 e5
33. h7 Be6 34. h8=Q+ {Black resigns} 1-0

[Event "ICC tourney 2022 (75 10)"]
[Site "Internet Chess Club"]
[Date "2020.09.26"]
[Round "1"]
[White "Singireddy"]
[Black "VincentT2008"]
[Result "1-0"]
[ICCResult "Black resigns"]
[WhiteElo "1872"]
[BlackElo "1761"]
[Opening "Giuoco Pianissimo"]
[ECO "C55"]
[NIC "IG.01"]
[Time "13:09:08"]
[TimeControl "4500+10"]

1. e4 e5 2. Nf3 Nc6 3. Bc4 Nf6 4. d3 Bc5 5. c3 d6 6. h3 h6 7. Nbd2 O-O 8.
O-O a6 9. a4 Ba7 10. Re1 Ne7 11. Nf1 Ng6 12. Ng3 Be6 13. Bxe6 fxe6 14. Qb3
Qc8 15. d4 exd4 16. cxd4 c5 17. e5 dxe5 18. dxe5 Nd5 19. Qc4 Ngf4 20. Bxf4
Rxf4 21. Re4 Rxe4 22. Nxe4 Qc6 23. Rc1 b5 24. axb5 axb5 25. Nd4 Nb6 26. Nxc6
Nxc4 27. Ra1 Nxb2 28. Rxa7 Rxa7 29. Nxa7 b4 30. Nxc5 Nc4 31. Nc6 Nxe5
{Black resigns}
1-0

[Event "ICC tourney 2022 (75 10)"]
[Site "Internet Chess Club"]
[Date "2020.09.26"]
[Round "1"]
[White "DLWarrior"]
[Black "Hydracyclops"]
[Result "1-0"]
[ICCResult "Black checkmated"]
[WhiteElo "1885"]
[BlackElo "1631"]
[Opening "Queen's pawn: London system"]
[ECO "A45"]
[NIC "QP.07"]
[Time "13:09:10"]
[TimeControl "4500+10"]

1. d4 Nf6 2. Bf4 g6 3. Nc3 d5 4. e3 Bg7 5. h4 O-O 6. h5 gxh5 7. Bd3 Nbd7 8.
Qf3 e6 9. O-O-O a6 10. Nge2 c5 11. Ng3 c4 12. Be2 b5 13. Nxh5 Nxh5 14. Qxh5
Nf6 15. Qh4 Re8 16. Be5 Bd7 17. g4 Kf8 18. g5 Ng8 19. Bxg7+ Kxg7 20. Qxh7+
Kf8 21. g6 fxg6 22. Qxg6 Qf6 23. Qg3 Ke7 24. e4 b4 25. Rh7+ Kd8 26. Na4 Qf8
27. Nb6 Ra7 28. Qb8+ Bc8 29. Qxc8# {Black checkmated} 1-0

[Event "ICC tourney 2022 (75 10)"]
[Site "Internet Chess Club"]
[Date "2020.09.26"]
[Round "1"]
[White "slolla"]
[Black "chessboss05"]
[Result "1-0"]
[ICCResult "Black resigns"]
[WhiteElo "1817"]
[BlackElo "1454"]
[Opening "QGD: exchange, positional line"]
[ECO "D35"]
[NIC "QO.16"]
[Time "13:09:28"]
[TimeControl "4500+10"]

1. d4 d5 2. c4 e6 3. Nc3 Nf6 4. cxd5 exd5 5. Bg5 Be7 6. e3 c6 7. Bd3 Nbd7 8.
Nge2 O-O 9. O-O Re8 10. Qc2 Nf8 11. f3 Ng6 12. e4 Nh5 13. Bxe7 Rxe7 14. e5
Qc7 15. f4 Bg4 16. f5 Nf8 17. f6 Ree8 18. fxg7 Nxg7 19. Nxd5 Qc8 20. Nf6+
Kh8 21. Nxe8 Qxe8 22. Rf4 Bd7 23. Raf1 Kg8 24. Rxf7 Qxf7 25. Rxf7 Kxf7 26.
Bxh7 Nxh7 27. Qxh7 Bf5 28. Qh4 Kg8 29. Nf4 Re8 30. Nh5 Re6 31. Nf6+ Kf7 32.
Ne4 Bxe4 33. Qxe4 Ne8 34. h4 Nd6 35. Qf4+ Ke8 36. exd6 {Black resigns} 1-0

[Event "ICC tourney 2022 (75 10)"]
[Site "Internet Chess Club"]
[Date "2020.09.26"]
[Round "1"]
[White "sujashankar"]
[Black "Tombstone"]
[Result "1-0"]
[ICCResult "Black checkmated"]
[WhiteElo "1776"]
[BlackElo "1997"]
[Opening "Sicilian"]
[ECO "B50"]
[NIC "SI.01"]
[Time "13:09:15"]
[TimeControl "4500+10"]

1. e4 c5 2. Nf3 d6 3. c3 Nf6 4. h3 e5 5. Bd3 Be7 6. Bc2 Nc6 7. O-O O-O 8. d4
cxd4 9. cxd4 exd4 10. Nxd4 Qb6 11. Nxc6 bxc6 12. Nc3 Be6 13. b3 Rfd8 14. Be3
Qb7 15. f4 d5 16. e5 d4 17. exf6 dxe3 18. Bxh7+ Kxh7 19. Qh5+ Kg8 20. fxe7
Qxe7 21. f5 Bd5 22. Rf4 Qe5 23. Rh4 Kf8 24. Rc1 Ke7 25. Nxd5+ cxd5 26. Qg5+
Kd7 27. Qg4 Ke7 28. Qb4+ Qd6 29. Rc7+ Rd7 30. Rxd7+ Kxd7 31. Qb7+ Qc7 32.
Qxd5+ Qd6 33. Qb7+ Qc7 34. Rd4+ Ke8 35. Qxc7 Kf8 36. Rd8+ Rxd8 37. Qxd8#
{Black checkmated}
1-0

[Event "ICC tourney 2022 (75 10)"]
[Site "Internet Chess Club"]
[Date "2020.09.26"]
[Round "1"]
[White "tortorchess"]
[Black "imranchamp"]
[Result "0-1"]
[ICCResult "White checkmated"]
[WhiteElo "1459"]
[BlackElo "1824"]
[Opening "Benkö gambit accepted"]
[ECO "A58"]
[NIC "BI.45"]
[Time "13:09:03"]
[TimeControl "4500+10"]

1. d4 Nf6 2. c4 c5 3. d5 b5 4. cxb5 a6 5. bxa6 g6 6. a7 Rxa7 7. Nc3 Ba6 8.
Nf3 Bg7 9. d6 e6 10. Bg5 h6 11. Bh4 g5 12. Bg3 Rb7 13. Rb1 Qa5 14. Qd2 Nc6
15. Ne5 Nh5 16. Nxc6 Qxc3 17. Na5 Rxb2 18. Rxb2 Qxb2 19. Qxb2 Bxb2 20. Nb3
c4 21. Nc5 Bb5 22. e3 Ba3 23. Ne4 Nxg3 24. hxg3 Bb4+ 25. Kd1 Ba4+ 26. Kc1 c3
27. Nxg5 Ba3+ 28. Kb1 c2+ 29. Ka1 c1=R# {White checkmated} 0-1

[Event "ICC tourney 2022 (75 10)"]
[Site "Internet Chess Club"]
[Date "2020.09.26"]
[Round "1"]
[White "Mrpeetapizza"]
[Black "incredibleking"]
[Result "1-0"]
[ICCResult "Black checkmated"]
[WhiteElo "1893"]
[BlackElo "1641"]
[Opening "Sicilian: Najdorf, Opocensky variation"]
[ECO "B92"]
[NIC "SI.10"]
[Time "13:09:02"]
[TimeControl "4500+10"]

1. e4 c5 2. Nf3 d6 3. d4 cxd4 4. Nxd4 Nf6 5. Nc3 a6 6. Be2 e5 7. Nb3 Be6 8.
O-O Be7 9. Kh1 O-O 10. f4 Nbd7 11. f5 Bxb3 12. axb3 b5 13. b4 Qb6 14. Bf3
Rac8 15. g4 h6 16. g5 hxg5 17. Bxg5 Rfd8 18. Rg1 Nf8 19. Bxf6 Bxf6 20. Nd5
Qf2 21. Nxf6+ Kh8 22. Rg2 Qh4 23. Nd5 Nh7 24. Qg1 Rg8 25. Rg4 Qd8 26. Qg2 g5
27. fxg6 Rxg6 28. Rxg6 fxg6 29. Rg1 Qf8 30. c3 Qf7 31. Be2 Rf8 32. Rf1 Qg7
33. Rxf8+ Qxf8 34. Qf3 Qxf3+ 35. Bxf3 Kg7 36. Nc7 g5 37. Nxa6 Kg6 38. Nc7
Nf6 39. Nxb5 g4 40. Bg2 Kg5 41. Nxd6 Kf4 42. b5 Nd7 43. c4 Ke3 44. b4 Kd4
45. c5 Kc3 46. c6 Nb6 47. c7 Kxb4 48. Bf1 Kc5 49. c8=Q+ Nxc8 50. Nxc8 Kd4
51. b6 Kxe4 52. b7 Kf3 53. b8=Q e4 54. Bg2+ Ke3 55. Qb4 Kf2 56. Qd2#
{Black checkmated}
1-0

[Event "ICC tourney 2022 (75 10)"]
[Site "Internet Chess Club"]
[Date "2020.09.26"]
[Round "1"]
[White "andrewf2009"]
[Black "Theutltl"]
[Result "1-0"]
[ICCResult "Black checkmated"]
[WhiteElo "1780"]
[BlackElo "994"]
[Opening "Sicilian: Najdorf"]
[ECO "B90"]
[NIC "SI.14"]
[Time "13:08:58"]
[TimeControl "4500+10"]

1. e4 c5 2. Nf3 d6 3. d4 cxd4 4. Nxd4 Nf6 5. Nc3 a6 6. f3 e6 7. Be3 Be7 8.
Qd2 Nc6 9. O-O-O Qc7 10. g4 b5 11. g5 Nd7 12. f4 Nc5 13. Bg2 Bb7 14. f5 b4
15. Nce2 Nxd4 16. Nxd4 e5 17. Nb3 Nxe4 18. Qd3 Nf2 19. Bxf2 Bxg5+ 20. Kb1
Bxg2 21. Rhg1 e4 22. Rde1 O-O 23. Qg3 e3 24. Bxe3 Be4 25. Qxg5 Qxc2+ 26. Ka1
g6 27. Qf6 Qxh2 28. Bd4 Qh6 29. Qh8# {Black checkmated} 1-0

[Event "ICC tourney 2022 (75 10)"]
[Site "Internet Chess Club"]
[Date "2020.09.26"]
[Round "1"]
[White "clair"]
[Black "meghna"]
[Result "0-1"]
[ICCResult "White checkmated"]
[WhiteElo "1709"]
[BlackElo "1931"]
[Opening "Dutch"]
[ECO "A80"]
[NIC "HD.12"]
[Time "13:09:07"]
[TimeControl "4500+10"]

1. d4 f5 2. Bf4 Nf6 3. e3 g6 4. Nf3 Bg7 5. Bd3 O-O 6. Nbd2 d6 7. h3 Nc6 8.
c3 Qe8 9. O-O e5 10. dxe5 dxe5 11. Bc4+ Kh8 12. Bh2 a6 13. Rc1 b5 14. Be2
Bb7 15. Qb3 Nd7 16. Rfd1 Qe7 17. Qa3 Qf7 18. Qb3 Qf6 19. Nf1 Nc5 20. Qa3 Ne4
21. Rd7 Rac8 22. c4 b4 23. Qa4 Nc5 24. Qd1 Nxd7 25. Qxd7 Rfd8 26. Bxe5 Nxe5
27. Qa4 Nxf3+ 28. Bxf3 Bxf3 29. gxf3 Qxb2 30. Rc2 Qb1 31. Qb3 Rd1 32. Qxb1
Rxb1 33. Kg2 Bc3 34. Nd2 Rb2 35. Rxb2 Bxb2 36. Nb3 Rd8 37. e4 f4 38. c5 Rd3
39. h4 h5 40. e5 Bxe5 41. c6 Bd4 42. Na5 Rd2 43. Nb3 Rxf2+ 44. Kg1 Be3 45.
Na5 Rxa2+ 46. Kf1 Rxa5 47. Ke2 b3 48. Kd3 Rc5 49. Ke4 b2 50. Kd3 b1=Q+ 51.
Ke2 Qc2+ 52. Ke1 Qf2+ 53. Kd1 Qd2# {White checkmated} 0-1

[Event "ICC tourney 2022 (75 10)"]
[Site "Internet Chess Club"]
[Date "2020.09.26"]
[Round "1"]
[White "rcww2020"]
[Black "ryanwang"]
[Result "0-1"]
[ICCResult "White resigns"]
[WhiteElo "1627"]
[BlackElo "1876"]
[Opening "Sicilian: Smith-Morra gambit"]
[ECO "B21"]
[NIC "SI.47"]
[Time "13:09:00"]
[TimeControl "4500+10"]

1. e4 c5 2. d4 cxd4 3. c3 Nf6 4. e5 Nd5 5. cxd4 d6 6. exd6 Qxd6 7. Nc3 Nc6
8. Nf3 Bg4 9. Bb5 e6 10. Be3 Be7 11. h3 Bh5 12. g4 Bg6 13. Ne5 O-O 14. Nxc6
bxc6 15. Bd3 Nxe3 16. fxe3 Qg3+ 17. Kd2 c5 18. Qg1 Qd6 19. Bxg6 hxg6 20. Kc2
Rab8 21. h4 cxd4 22. exd4 Bf6 23. Rd1 Qb4 24. b3 Rfd8 25. h5 Bxd4 26. Qg3
Bxc3 27. Rxd8+ Rxd8 28. Qxc3 Qe4+ {White resigns} 0-1

[Event "ICC tourney 2022 (75 10)"]
[Site "Internet Chess Club"]
[Date "2020.09.26"]
[Round "1"]
[White "Legal757"]
[Black "rpughiii"]
[Result "1-0"]
[ICCResult "Black resigns"]
[WhiteElo "1912"]
[BlackElo "1655"]
[Opening "King's pawn opening"]
[ECO "B07"]
[NIC "VO.17"]
[Time "13:09:03"]
[TimeControl "4500+10"]

1. e4 d6 2. g3 Nf6 3. Bg2 e5 4. Ne2 Be7 5. Nbc3 O-O 6. O-O Nc6 7. d4 exd4 8.
Nxd4 Bd7 9. h3 Nxd4 10. Qxd4 Bc6 11. Be3 Qd7 12. Rad1 Qe6 13. Rfe1 Nd7 14.
Nd5 Bxd5 15. exd5 Qf6 16. Qb4 Ne5 17. f4 {Black resigns} 1-0

[Event "ICC tourney 2022 (75 10)"]
[Site "Internet Chess Club"]
[Date "2020.09.26"]
[Round "1"]
[White "abi2009"]
[Black "orwind"]
[Result "1/2-1/2"]
[ICCResult "Game drawn by mutual agreement"]
[WhiteElo "1770"]
[BlackElo "1314"]
[Opening "Sicilian defense"]
[ECO "B44"]
[NIC "SI.39"]
[Time "13:08:57"]
[TimeControl "4500+10"]

1. e4 c5 2. Nf3 e6 3. d4 cxd4 4. Nxd4 Nc6 5. Be3 Nf6 6. Nc3 Bb4 7. Bd3 O-O
8. O-O d5 9. Nxc6 bxc6 10. e5 Nd7 11. f4 Nc5 12. Ne2 Nxd3 13. Qxd3 Be7 14.
Rf3 f5 15. c3 c5 16. h3 Bb7 17. Rf2 a5 18. g4 Bh4 19. Bxc5 Bxf2+ 20. Kxf2
Qh4+ 21. Qg3 Qxg3+ 22. Kxg3 Rfc8 23. Bd6 g6 24. Nd4 Kf7 25. Rd1 Ba6 26. Rd2
Ra7 27. Nf3 h6 28. Nd4 Bc4 29. a3 Rb7 30. h4 Ba6 31. Rf2 Bc4 32. Rd2 Bb3 33.
Kf3 Bc4 34. Kg3 Ba6 35. Kf3 {Game drawn by mutual agreement} 1/2-1/2

[Event "ICC tourney 2022 (75 10)"]
[Site "Internet Chess Club"]
[Date "2020.09.26"]
[Round "1"]
[White "pangpangba"]
[Black "Yucheng"]
[Result "0-1"]
[ICCResult "White resigns"]
[WhiteElo "1639"]
[BlackElo "1882"]
[Opening "Scotch game"]
[ECO "C45"]
[NIC "SO.05"]
[Time "13:09:07"]
[TimeControl "4500+10"]

1. e4 e5 2. Nf3 Nc6 3. d4 exd4 4. Nxd4 Bc5 5. Be3 Qf6 6. c3 d6 7. Nc2 Bb6 8.
Be2 Qg6 9. Bf3 Nf6 10. O-O Ne5 11. Bxb6 axb6 12. Re1 O-O 13. Qe2 Be6 14.
Nba3 Rfe8 15. Nd4 Nxf3+ 16. Qxf3 Bg4 17. Qd3 Bd7 18. Ndb5 Rac8 19. Na7 Rcd8
20. N3b5 Bxb5 21. Nxb5 c6 22. Nxd6 Re6 23. Rad1 Ne8 24. e5 Qxd3 25. Rxd3
Rdxd6 26. Rxd6 Nxd6 27. f4 f6 28. Rd1 fxe5 29. fxe5 Nc4 30. Rd8+ Kf7 31. b3
Nxe5 32. h3 Re7 33. Rd4 Rd7 34. Re4 Ke6 35. a4 Rd3 36. Rb4 Nd7 37. c4 Nc5
{White resigns}
0-1

[Event "ICC tourney 2022 (75 10)"]
[Site "Internet Chess Club"]
[Date "2020.09.26"]
[Round "1"]
[White "TheDude865"]
[Black "PearsonH"]
[Result "1/2-1/2"]
[ICCResult "Game drawn by mutual agreement"]
[WhiteElo "1256"]
[BlackElo "1767"]
[Opening "French: advance, Paulsen attack"]
[ECO "C02"]
[NIC "FR.03"]
[Time "13:09:53"]
[TimeControl "4500+10"]

1. e4 e6 2. d4 d5 3. e5 c5 4. c3 Nc6 5. Nf3 Qb6 6. a3 c4 7. Be2 Nge7 8. O-O
Bd7 9. Nbd2 Na5 10. Rb1 Rc8 11. Re1 Nec6 12. Nf1 Be7 13. Bd2 Nb3 14. Ne3 Qc7
15. Ng4 b5 16. Bf4 a5 17. Nd2 Nxd2 18. Bxd2 Ra8 19. f4 b4 20. axb4 axb4 21.
Ne3 Ra2 22. f5 bxc3 23. bxc3 Na5 24. Ra1 Rxa1 25. Qxa1 Nb3 26. Qb2 Qa7 27.
Bd1 Ba4 28. Rf1 Nxd2 29. Qxd2 Bxd1 30. Qxd1 Bg5 31. Qf3 Bxe3+ 32. Qxe3 exf5
33. Rxf5 Qd7 34. Qg5 O-O 35. Rf6 Qb7 36. Rf1 Qb2 37. Qc1 Qxc1 38. Rxc1 Ra8
39. Kf2 Kf8 40. Rc2 Ke7 41. Ke3 Ra3 42. g4 Kd7 43. h4 Ke6 44. Kf4 f6 45.
exf6 Kxf6 46. g5+ Ke6 47. h5 Ra1 48. Re2+ Kd6 49. Rf2 Rh1 50. Kg4 Rg1+ 51.
Kf4 Rc1 52. Rf3 Rc2 53. Kf5 Rd2 54. Kf4 Rh2 55. Kg4
{Game drawn by mutual agreement}
1/2-1/2

[Event "ICC tourney 2022 (75 10)"]
[Site "Internet Chess Club"]
[Date "2020.09.26"]
[Round "1"]
[White "tigertiger2019"]
[Black "ramennoodle"]
[Result "1/2-1/2"]
[ICCResult "Game drawn by mutual agreement"]
[WhiteElo "1692"]
[BlackElo "1907"]
[Opening "Queen's pawn game, Darooha variation "]
[ECO "D02"]
[NIC "QP.06"]
[Time "13:09:06"]
[TimeControl "4500+10"]

1. Nf3 Nf6 2. d4 d5 3. c4 e6 4. e3 Be7 5. Nc3 O-O 6. Bd3 c5 7. dxc5 Bxc5 8.
cxd5 exd5 9. Nb5 Nc6 10. Bc2 Qa5+ 11. Nc3 Bg4 12. O-O Ne5 13. Nxd5 Nxd5 14.
Qxd5 Nxf3+ 15. gxf3 Be6 16. Qe4 g6 17. b3 Bh3 18. Rd1 Rad8 19. Bb2 Bd4
{Game drawn by mutual agreement}
1/2-1/2

[Event "ICC tourney 2022 (75 10)"]
[Site "Internet Chess Club"]
[Date "2020.09.26"]
[Round "1"]
[White "Ben1927829"]
[Black "saanvichess"]
[Result "0-1"]
[ICCResult "White resigns"]
[WhiteElo "1831"]
[BlackElo "1665"]
[Opening "French: advance variation"]
[ECO "C02"]
[NIC "FR.03"]
[Time "13:09:10"]
[TimeControl "4500+10"]

1. e4 e6 2. d4 d5 3. e5 c5 4. c3 Nc6 5. Na3 cxd4 6. cxd4 Bxa3 7. bxa3 Nge7
8. Nf3 Nf5 9. g4 Nh4 10. Be2 Nxf3+ 11. Bxf3 f6 12. exf6 Qxf6 13. Be3 O-O 14.
Be2 Bd7 15. Rg1 e5 16. g5 Qe7 17. g6 Kh8 18. Bg5 Qd6 19. gxh7 Nxd4 20. Be3
Rae8 21. Bxd4 exd4 22. Qxd4 Rf7 23. Kf1 Qxh2 24. Re1 Bh3+ {White resigns}
0-1

[Event "ICC tourney 2022 (75 10)"]
[Site "Internet Chess Club"]
[Date "2020.09.26"]
[Round "1"]
[White "Otelo"]
[Black "wahoo"]
[Result "1-0"]
[ICCResult "Black checkmated"]
[WhiteElo "2052"]
[BlackElo "1747"]
[Opening "Réti opening"]
[ECO "A04"]
[NIC "QP.11"]
[Time "13:09:09"]
[TimeControl "4500+10"]

1. Nf3 Nc6 2. c4 d5 3. cxd5 Qxd5 4. g3 Bg4 5. Bg2 Nf6 6. O-O O-O-O 7. d3 e5
8. Qa4 Bc5 9. Ng5 Qd7 10. Bxc6 bxc6 11. Nc3 h6 12. Nge4 Nxe4 13. Nxe4 Bb6
14. Be3 Bxe2 15. Nc5 Bxc5 16. Qa6+ Kb8 17. Bxc5 Qxd3 18. Qxa7+ Kc8 19. Qa8+
Kd7 20. Qa4 Ra8 21. Qh4 Bxf1 22. Qg4+ Ke8 23. Rd1 h5 24. Qh4 f6 25. Rxd3
Bxd3 26. a3 Rb8 27. Bb4 Rd8 28. g4 Be4 29. f4 Rd1+ 30. Kf2 exf4 31. g5 Bd3
32. gxf6 Rf1+ 33. Kg2 f3+ 34. Kg3 gxf6 35. Qxf6 Rg8+ 36. Kf4 Rg4+ 37. Ke3
Kd7 38. Kxd3 f2 39. Ke2 Rgg1 40. Qf5+ Kd8 41. Qxh5 Re1+ 42. Kxf2 Rgf1+ 43.
Kg2 Rg1+ 44. Kf3 Rgf1+ 45. Kg4 Rg1+ 46. Kf5 Rgf1+ 47. Kg6 Rg1+ 48. Kh7 Rd1
49. Qh4+ Kc8 50. Qc4 Rd5 51. Kh6 Rgg5 52. h4 Rg1 53. Qxc6 Rdd1 54. Bc5 Rg3
55. Qa8+ Kd7 56. Qa4+ Kc8 57. Qxd1 Rg8 58. Bd4 Rd8 59. Qg4+ Kb8 60. Kh7 Rd7+
61. Qxd7 c5 62. Be5+ Ka8 63. Qc7 c4 64. Qb8# {Black checkmated} 1-0

[Event "ICC tourney 2022 (75 10)"]
[Site "Internet Chess Club"]
[Date "2020.09.26"]
[Round "1"]
[White "Roger436"]
[Black "mydogeatschess"]
[Result "1-0"]
[ICCResult "Black resigns"]
[WhiteElo "1675"]
[BlackElo "1861"]
[Opening "Ruy Lopez: Wormald (Alapin) attack"]
[ECO "C77"]
[NIC "RL.12"]
[Time "13:09:47"]
[TimeControl "4500+10"]

1. e4 e5 2. Nf3 Nc6 3. Bb5 a6 4. Ba4 Nf6 5. Qe2 b5 6. Bb3 Bc5 7. c3 Bb6 8.
d3 d6 9. Bg5 h6 10. Bh4 g5 11. Bg3 Na5 12. Bc2 Nh5 13. d4 Bg4 14. h3 Nxg3
15. fxg3 Bxf3 16. Qxf3 exd4 17. O-O Rh7 18. Kh2 Nc4 19. e5 Nxe5 20. Qe4 f5
21. Qd5 Rf7 22. cxd4 Ng6 23. Qe6+ Ne7 24. Bxf5 Rxf5 25. Rxf5 Qc8 26. Qf7+
Kd7 27. Nc3 Qg8 28. Re1 Qxf7 29. Rxf7 Re8 30. Nd5 Bxd4 31. Nxe7 Bxb2 32.
Nc6+ Kxc6 33. Rxe8 {Black resigns} 1-0

[Event "ICC tourney 2022 (75 10)"]
[Site "Internet Chess Club"]
[Date "2020.09.26"]
[Round "1"]
[White "goodcrowdchess"]
[Black "saisneha"]
[Result "0-1"]
[ICCResult "White checkmated"]
[WhiteElo "1600"]
[BlackElo "1870"]
[Opening "Scotch: Potter variation"]
[ECO "C45"]
[NIC "SO.05"]
[Time "13:09:12"]
[TimeControl "4500+10"]

1. e4 e5 2. Nf3 Nc6 3. d4 exd4 4. Nxd4 Bc5 5. Nb3 Bb6 6. Nc3 Qf6 7. Qe2 Nge7
8. Be3 d6 9. O-O-O Ne5 10. f3 Be6 11. h4 h6 12. Kb1 O-O-O 13. Bxb6 axb6 14.
Nd5 Bxd5 15. exd5 g5 16. Qe4 Nf5 17. hxg5 hxg5 18. Rxh8 Rxh8 19. Bb5 Nh4 20.
Qa4 Kb8 21. Rd2 Qh6 22. Qd4 Nhxf3 23. gxf3 Nxf3 24. Qd3 Nxd2+ 25. Qxd2 Qh1+
26. Nc1 g4 27. Qf4 Qg1 28. Be2 g3 29. Qxf7 g2 30. Bf3 Qxc1+ 31. Kxc1 g1=Q+
32. Bd1 Qe3+ 33. Kb1 Rh1 34. Qg8+ Ka7 35. Qg4 Qd2 36. Qa4+ Qa5 37. Qd4 Kb8
38. a3 Qc5 39. Qd3 Qg1 40. Kc1 Qg5+ 41. Kb1 Re1 42. a4 Qg4 43. Kc1 Qxa4 44.
Kb1 Qe4 45. Qd2 Qe3 46. Kc1 Kc8 47. Qxe3 Rxe3 48. Kd2 Re5 49. Bf3 Kd7 50. c4
c6 51. b3 b5 52. Kd3 Kc7 53. Kd4 c5+ 54. Kd3 bxc4+ 55. bxc4 Kb6 56. Bd1 Ka5
57. Kc3 b5 58. Kb3 Re3+ 59. Kc2 bxc4 60. Bh5 Kb4 61. Bf7 Re2+ 62. Kd1 Ra2
63. Kc1 c3 64. Bg6 Kb3 65. Bb1 Ra1 66. Kd1 Rxb1+ 67. Ke2 c2 68. Kd3 c1=Q 69.
Ke4 Qe1+ 70. Kf5 Qe5+ 71. Kg6 Rf1 72. Kh7 Qg5 73. Kh8 Rh1# {White
checkmated} 0-1

[Event "ICC tourney 2022 (75 10)"]
[Site "Internet Chess Club"]
[Date "2020.09.26"]
[Round "1"]
[White "Lukastico"]
[Black "JunlinTheWorld"]
[Result "1-0"]
[ICCResult "Black checkmated"]
[WhiteElo "1953"]
[BlackElo "1715"]
[Opening "Catalan: closed, 5.Nf3"]
[ECO "E06"]
[NIC "CA.04"]
[Time "13:09:24"]
[TimeControl "4500+10"]

1. Nf3 d5 2. d4 Nf6 3. c4 e6 4. g3 Be7 5. Bg2 O-O 6. O-O b6 7. Ne5 Bb7 8.
Nc3 Nbd7 9. Qa4 Nxe5 10. dxe5 Ng4 11. cxd5 Nxe5 12. dxe6 Bxg2 13. exf7+ Rxf7
14. Kxg2 Kh8 15. Be3 a6 16. Rad1 Qc8 17. h3 b5 18. Qe4 Nc4 19. b3 Nd6 20.
Qc6 Nf5 21. Nd5 Bd6 22. Bc5 Ne7 23. Nxe7 Rxe7 24. Bxd6 cxd6 25. Qxc8+ Rxc8
26. Rd2 h6 27. Rfd1 Kh7 28. e3 a5 29. Rxd6 Rc2 30. R1d2 Rc1 31. Ra6 a4 32.
bxa4 bxa4 33. Rxa4 Rc5 34. Rad4 Ra5 35. a4 Rea7 36. Ra2 Kg6 37. f4 Kf6 38.
Kf3 g6 39. e4 Ke6 40. e5 R7a6 41. Ke4 h5 42. g4 hxg4 43. hxg4 Rc5 44. f5+
gxf5+ 45. gxf5+ Ke7 46. Rad2 Rc7 47. f6+ Ke8 48. Kf5 Raa7 49. Rd8+ Kf7 50.
e6# {Black checkmated} 1-0

[Event "ICC tourney 2022 (75 10)"]
[Site "Internet Chess Club"]
[Date "2020.09.26"]
[Round "1"]
[White "Averyyu321"]
[Black "AHSRULES"]
[Result "0-1"]
[ICCResult "White checkmated"]
[WhiteElo "1759"]
[BlackElo "1850"]
[Opening "Sicilian: Prins (Moscow) variation"]
[ECO "B55"]
[NIC "SI.01"]
[Time "13:09:05"]
[TimeControl "4500+10"]

1. e4 c5 2. Nf3 d6 3. d4 cxd4 4. Nxd4 Nf6 5. f3 e5 6. Nb3 Be6 7. c4 Nc6 8.
Nc3 Be7 9. Be3 Nd7 10. Be2 Nc5 11. Nd5 O-O 12. O-O Bg5 13. Bf2 b6 14. Nd2
Nd4 15. Bxd4 exd4 16. f4 Bxd5 17. exd5 Bf6 18. Nf3 Re8 19. Rb1 Qe7 20. Rf2
Qe3 21. Qd2 Qxd2 22. Nxd2 d3 23. Bf1 Bd4 24. b4 Ne4 25. Nxe4 Rxe4 26. Bxd3
Rxf4 27. Rf1 Re8 28. g3 Rf3 29. Bc2 Rxf2 30. Rxf2 Re2 31. Bb3 Rxf2 32. Kh1
Kf8 33. h4 Ke7 34. h5 Kf6 35. g4 Kg5 36. a3 Kxg4 37. Bd1+ Kg3 38. Bb3 Rf1#
{White checkmated}
0-1